 Dungeon Crawl Stone Soup version 0.21.1-1-g345015f (webtiles) character file.

143 kae the Insei (level 5, -12/34 HPs)
             Began as an Octopode Transmuter on May 27, 2018.
             Mangled by a gnoll
             ... wielding a +0 halberd
              (15 damage)
             ... while paralysed by Ijyb
             ... on level 3 of the Dungeon.
             The game lasted 00:01:23 (2105 turns).

kae the Insei (Octopode Transmuter)                 Turns: 2105, Time: 00:01:24

Health: -12/34     AC:  1    Str:  9    XL:     5   Next: 25%
Magic:  7/8        EV:  2    Int: 16    God:
Gold:   71         SH:  0    Dex: 13    Spells: 8/9 levels left

rFire    . . .     SeeInvis .     - Unarmed
rCold    . . .     Gourm    .   (no shield)
rNeg     . . .     Faith    .   (helmet restricted)
rPois    .         Spirit   .   (no amulet)
rElec    .         Reflect  .   (no ring)
rCorr    .         Harm     .   (no ring)
MR       .....                  (no ring)
Stlth    ++........             (no ring)
HPRegen  0.11/turn              (no ring)
MPRegen  0.11/turn              (no ring)
                                (no ring)
                                (no ring)

@: paralysed, lethally poisoned (-12 -> -16), appendage
A: almost no armour, stealthy swim, amphibious, 8 rings, constrict 8, tentacle
spike 3, camouflage 1, gelatinous body 1
a: End Transformation


You were on level 3 of the Dungeon.
You were hungry.
One of your tentacles had a temporary spike.
You visited 1 branch of the dungeon, and saw 3 of its levels.

You collected 71 gold pieces.

Inventory:

Missiles
 a - 25 arrows
Scrolls
 d - 2 scrolls of identify {unknown}
 e - a scroll of enchant armour {unknown}
 f - 2 scrolls of enchant weapon {unknown}
 h - a scroll of amnesia {unknown}
 i - 2 scrolls of immolation {unknown}
Potions
 g - 2 potions of curing {unknown}
 k - a potion of flight {unknown}
Books
 b - a book of Changes

   Spells                             Type                      Level
   a - Beastly Appendage              Transmutation                1
   b - Sticks to Snakes               Transmutation                2
   c - Spider Form                    Transmutation/Poison         3
   d - Ice Form                       Ice/Transmutation            4
   e - Blade Hands                    Transmutation                5
Comestibles
 c - 7 rations


   Skills:
 + Level 1.8 Fighting
 + Level 2.6 Dodging
 * Level 3.9 Unarmed Combat
 + Level 2.5 Spellcasting
 * Level 3.3 Transmutations


You had 8 spell levels left.
You knew the following spells:

 Your Spells              Type           Power        Failure   Level  Hunger
a - Beastly Appendage     Tmut           ##....       4%          1    #......


Dungeon Overview and Level Annotations

Branches:
Dungeon (3/15)

Altars:
Nemelex Xobeh

Annotations:
D:3 Ijyb


Innate Abilities, Weirdness & Mutations

You cannot wear most types of armour.
You are very stealthy in the water. (Stealth+)
You are amphibious.
You can wear up to eight rings at the same time.
You can use your tentacles to constrict eight enemies at once.
Your skin changes colour to match your surroundings (Stealth+).
Your rubbery body absorbs attacks. (AC +1, EV +1)
One of your tentacles bears a large vicious spike.


Message History

You constrict the gnoll, but do no damage.
You completely miss the gnoll.
The gnoll is almost dead.
You constrict the gnoll.
You kill the gnoll!
The kobold unwields an uncursed short sword.
The kobold wields a blowgun.
The kobold shoots a poisoned needle.
The poisoned needle misses you. The gnoll barely misses you.
The gnoll closely misses you.
Ijyb zaps a wand.
You suddenly lose the ability to move!
It is a wand of paralysis (19).
The gnoll hits you from afar with a halberd. x2
The adder bites you.
You are poisoned.
The adder poisons you!
You feel sick. The adder bites you. Ijyb hits you.
The gnoll hits you from afar with a halberd!
* * * LOW HITPOINT WARNING * * *
The gnoll hits you from afar with a halberd!
You die...

....?....
.#..... ......#
## .....#...
K........
#..g.....
...#.##g.g.....
.%....S@†g.....
...#.#####.....
... .


You could see Ijyb, 3 gnolls, an adder and a kobold.

Vanquished Creatures
  Natasha (thrice) (D:2)
  A gnoll (D:3)
  An adder (D:2)
  An ooze (D:1)
  A worm (D:2)
  A dart slug (D:2)
  5 orcs (D:2)
  4 giant cockroaches
  6 goblins
  4 hobgoblins
  3 kobolds (D:2)
  A bat (D:2)
  3 frilled lizards (D:2)
  3 rats
37 creatures vanquished.

Notes
Turn   | Place    | Note
-------+----------+-------------------------------------------
     0 | D:1      | kae the Octopode Transmuter began the quest for the Orb.
     0 | D:1      | Reached XP level 1. HP: 13/13 MP: 3/3
   717 | D:1      | Reached XP level 2. HP: 13/18 MP: 3/5
  1141 | D:2      | Noticed Natasha
  1174 | D:2      | Killed Natasha
  1174 | D:2      | Reached XP level 3. HP: 15/23 MP: 6/6
  1292 | D:2      | Noticed Natasha
  1297 | D:2      | Killed Natasha
  1297 | D:2      | Reached XP level 4. HP: 22/28 MP: 5/7
  1303 | D:2      | Noticed Natasha
  1313 | D:2      | Killed Natasha
  1680 | D:2      | Reached XP level 5. HP: 34/34 MP: 6/8
  1924 | D:2      | Found a sparkling altar of Nemelex Xobeh.
  2098 | D:3      | Noticed Ijyb
  2104 | D:3      | Paralysed by Ijyb for 2 turns
  2105 | D:3      | Mangled by a gnoll

Skill      XL: |  1  2  3  4 |
---------------+-------------+-----
Transmutations | 3 |  3.3
Fighting       | |  1.8
Dodging        | |  2.6
Unarmed Combat | |  3.9
Spellcasting   | |  2.5

Action                   |  1- 3 |  4- 6 || total
-------------------------+-------+-------++-------
Melee: Unarmed           |    45 |    49 ||    94
       Kick              |     7 |     7 ||    14
       Constrict         |    11 |    14 ||    25
       Tentacles         |     6 |     8 ||    14
       Punch             |     2 |     1 ||     3
 Cast: Beastly Appendage |    12 |     8 ||    20
  Use: Potion            |       |     1 ||     1
  Eat: Chunk             |     1 |     2 ||     3
Armor: Skin              |       |     1 ||     1
Dodge: Dodged            |    28 |    34 ||    62
